AoeStats
← matejzrno55

MegaRandom

505095126Analyzed
4v4 RM · 23d ago on Sep 7, 2026· 61m 29s· 8 players
Game mode
Random Map
Map size
Large (8 player)
Population
200
Speed
Normal
Resources
Standard
Victory
Conquest
Starting age
Dark Age
Ending age
Imperial Age
RankedLock teamsTeams togetherTeam positionsShared explorationLock speedFull tech treeHidden civsTurbo modeCheats
Victory
Defeat
🇧🇦 Byzantines · Bosnia & Herzegovina
973
+13
🇩🇪 Bohemians · Germany
954
+13
🇩🇪 Georgians · Germany
919
+15
🇧🇦 Franks · Bosnia & Herzegovina
913
+15
🇬🇧 Goths · United Kingdom
955
-17
🇨🇦 Inca · Canada
879
-36
🇨🇦 Sicilians · Canada
878
-13
🇺🇸 Hindustanis · United States
875
-13
Guppy
0:36 Loom
12:19 Feudal Age
13:27 Double-Bit Axe
13:27 Horse Collar
17:14 Wheelbarrow
17:33 Stone Mining
17:34 Gold Mining
21:17 Castle Age
20:00 Fishing Lines
22:54 Hand Cart
25:10 Bow Saw
26:33 Stone Shaft Mining
26:40 Treadmill Crane
27:13 Fortified Wall
28:21 Masonry
29:22 Scale Barding Armor
29:27 Forging
29:08 Fletching
29:54 Caravan
34:57 Imperial Age
33:11 Chain Barding Armor
33:37 Husbandry
33:47 Bloodlines
34:17 Iron Casting
33:38 Bodkin Arrow
35:17 Gillnets
36:06 Heavy Plow
36:19 Elite Monaspa
37:29 Conscription
37:22 Aznauri Cavalry
37:54 Hoardings
37:58 Plate Barding Armor
38:25 Blast Furnace
37:29 Town Watch
37:53 Bracer
39:02 Chemistry
38:23 Ballistics
39:59 Siege Engineers
54:03 Spies/Treason
59:12 Demolition Ship
60:16 Medium Warships
matejzrno55
0:50 Loom
14:40 Feudal Age
16:25 Wheelbarrow
15:38 Fishing Lines
23:20 Double-Bit Axe
29:26 Castle Age
28:53 Gold Mining
28:55 Stone Mining
32:36 Hand Cart
32:40 Bow Saw
35:50 Horse Collar
37:00 Gillnets
37:56 Heavy Plow
41:35 Imperial Age
40:09 Scale Barding Armor
40:15 Forging
41:57 Elite Cataphract
45:57 Conscription
45:49 Logistica
48:34 Two-Man Saw
48:08 Coinage
47:50 Guilds
48:02 Chain Barding Armor
48:18 Iron Casting
53:17 Spies/Treason
Alkuja
0:36 Loom
10:29 Feudal Age
20:01 Castle Age
18:04 Stone Mining
18:08 Double-Bit Axe
20:41 Wheelbarrow
22:37 Gold Mining
23:20 Husbandry
26:57 Hand Cart
30:31 Gold Shaft Mining
32:41 Imperial Age
32:02 Caravan
33:00 Cavalier
34:18 Conscription
34:17 Forging
34:14 Scale Barding Armor
36:55 Chain Barding Armor
36:19 Capped Ram
37:54 Paladin
40:43 Plate Barding Armor
42:51 Chivalry
44:31 Iron Casting
44:42 Elite Throwing Axeman
46:31 Padded Archer Armor
51:48 Spies/Treason
55:30 Blast Furnace
54:21 Fletching
54:46 Leather Archer Armor
54:32 Scale Mail Armor
56:07 Fletching
57:02 Bodkin Arrow
58:18 Leather Archer Armor
59:13 Ballistics
59:54 Chemistry
58:50 Murder Holes
60:49 Demolition Ship
61:48 Medium Warships
Granatenrambo
12:05 Feudal Age
21:10 Castle Age
21:45 Horse Collar
21:52 Double-Bit Axe
25:40 Bow Saw
25:47 Pikeman
26:27 Squires
32:24 Wheelbarrow
38:41 Chemistry
40:02 Scale Mail Armor
45:40 Imperial Age
52:38 Conscription
54:55 Spies/Treason
Scotticus6181
8:03 Loom
10:21 Feudal Age
18:49 Castle Age
18:09 Forging
23:05 Wheelbarrow
23:53 Horse Collar
27:31 Hand Cart
27:29 Double-Bit Axe
28:20 Bloodlines
28:19 Heavy Plow
29:52 Husbandry
29:25 Light Cavalry
31:37 Bow Saw
31:58 Town Watch
31:49 Crossbowman
32:41 Man-at-Arms
33:39 Town Patrol
33:35 Fletching
35:31 Bodkin Arrow
36:08 Gold Mining
39:26 Imperial Age
39:15 Iron Casting
38:24 Fishing Lines
38:10 Long Swordsman
39:31 Scale Mail Armor
39:35 Elite Ghulam
40:42 Conscription
40:17 Heavy Camel Rider
42:43 Gold Shaft Mining
42:09 Gillnets
42:22 Caravan
43:25 Blast Furnace
42:31 Scale Barding Armor
44:12 Imperial Camel Rider
46:39 Chain Barding Armor
47:25 Two-Handed Swordsman
DatGuy21
13:38 Feudal Age
14:55 Wheelbarrow
14:28 Town Watch
19:11 Double-Bit Axe
19:41 Loom
20:14 Horse Collar
22:06 Padded Archer Armor
24:47 Fishing Lines
28:13 Castle Age
26:18 Gold Mining
jorvikshungite
0:35 Loom
12:22 Feudal Age
13:07 Double-Bit Axe
14:39 Man-at-Arms
16:05 Forging
16:46 Scale Mail Armor
19:50 Wheelbarrow
22:07 Gold Mining
26:47 Castle Age
24:29 Horse Collar
24:48 Fletching
26:49 Long Swordsman
27:35 Squires
28:32 Iron Casting
29:31 Chain Mail Armor
29:44 Bodkin Arrow
29:15 Pikeman
36:35 Town Watch
41:23 Imperial Age
41:59 Bow Saw
41:36 Capped Ram
42:39 Halberdier
44:23 Hand Cart
46:12 Blast Furnace
47:57 Heavy Plow
48:22 Bracer
51:09 Masonry
Le$bean
5:25 Loom
16:26 Feudal Age
17:29 Double-Bit Axe
17:26 Horse Collar
22:54 Castle Age
22:09 Fletching
32:25 Imperial Age
36:47 Light Cavalry
39:40 Heavy Plow
39:54 Bow Saw
42:55 Hauberk
43:12 Conscription
42:14 Cavalier
43:02 Husbandry
Connection lost

Rejoining the realm…

Still unreachable

The connection could not be restored.

Session expired

The server has moved on; the page needs a fresh start.